Map: Ever Dream LE

Players

CaptainRex

  • Race: Protoss Protoss
  • Spawn Location: 1:00

Purple - Winner!

  • Race: Protoss Protoss
  • League: Grandmaster
  • Spawn Location: 7:00

VOD

Have the link to the VOD?

Description

Time

  • Played on: July 13, 2020, 5:40 p.m.
  • Length: 12:46
Show
View Real Time Build Order
Export as new Build Order

CaptainRex Protoss 

Build Orders:  

Get SALT Encoding   

  12  0:00  Probe  
  13  0:13  Probe  
  14  0:17  Pylon  
  14  0:25  Probe  
  15  0:33  Probe  
  15  0:36  Gateway  
  15  0:41  Probe  
  16  0:47  Assimilator  
  17  0:51  Probe  
  18  1:03  Probe  
  19  1:15  Probe  
  19  1:16  Assimilator  
  20  1:21  Gateway  
  20  1:26  Cybernetics Core  
  20  1:30  Probe  
  20  1:42  Probe  
  21  1:47  Pylon  
  21  1:54  Probe  
  21  1:56  Stalker  
  21  1:58  Stalker  
  22  2:03  Warp Gate  
  22  2:06  Probe  
  27  2:18  Probe  
  27  2:19  Pylon  
  28  2:25  Stalker  
  30  2:31  Probe  
  33  2:37  Sentry  
  33  2:43  Probe  
  34  3:02  Nexus, Sentry  
  36  3:10  Pylon  
  36  3:13  Sentry  
  36  3:14  Probe  
  39  3:23  Shield Battery  
  39  3:30  Probe  
  38  3:46  Probe  
  37  3:52  Stalker x2  
  41  3:58  Probe  
  42  4:05  Robotics Facility  
  42  4:10  Probe  
  42  4:12  Forge  
  43  4:20  Probe  
  43  4:22  Probe  
  45  4:25  Stalker x2  
  45  4:26  Phoenix  
  49  4:32  Probe  
  49  4:34  Probe  
  49  4:43  Probe  
  49  4:44  Probe  
  48  4:47  Observer  
  48  4:49  Protoss Ground Weapons Level 1  
  48  4:51  Probe  
  48  4:52  Probe  
  49  4:58  Pylon  
  49  4:59  Assimilator  
  52  5:00  Probe x2  
  52  5:02  Assimilator  
  54  5:10  Probe  
  54  5:11  Phoenix, Pylon  
  54  5:12  Probe  
  56  5:22  Probe  
  56  5:25  Probe  
  56  5:28  Immortal  
  62  5:29  Twilight Council  
  62  5:34  Probe  
  63  5:37  Probe  
  64  5:43  Gateway x2  
  64  5:47  Phoenix  
  64  5:49  Blink  
  64  5:51  Stalker x2  
  64  5:54  Pylon  
  68  6:00  Pylon  
  68  6:07  Immortal  
  72  6:15  Probe x2  
  74  6:27  Probe x2  
  74  6:31  Nexus  
  76  6:34  Pylon  
  76  6:39  Probe  
  78  6:40  Probe  
  78  6:41  Observer  
  78  6:46  Observer  
  79  6:51  Probe  
  79  6:52  Probe  
  81  6:57  Stalker x4  
  81  7:00  Pylon  
  87  7:04  Probe x2  
  89  7:11  Observer  
  90  7:16  Probe x2  
  90  7:20  Protoss Ground Weapons Level 2  
  90  7:22  Gateway  
  92  7:24  Gateway  
  92  7:36  Warp Prism  
  94  7:37  Probe x2  
  96  7:47  Probe  
  96  7:49  Probe  
  96  7:50  Stalker x3  
  96  7:51  Stalker  
  106  7:54  Pylon  
  106  8:14  Observer  
  106  8:15  Stalker x4  
  106  8:16  Stalker  
  116  8:21  Stalker  
  116  8:25  Photon Cannon, Pylon x2  
  118  8:30  Observer  
  104  8:40  Photon Cannon  
  100  8:41  Probe  
  100  8:42  Probe x2  
  98  8:50  Pylon  
  98  8:51  Pylon  
  98  8:54  Pylon  
  83  9:01  Probe  
  83  9:02  Probe  
  80  9:23  Observer  
  80  9:34  Stalker x3  
  86  9:41  Stalker  
  88  9:51  Stalker x2  
  79  10:23  Stalker x2  
  79  10:24  Stalker x3  
  68  10:55  Stalker x2  
  68  10:56  Stalker x2  
Show
View Real Time Build Order
Export as new Build Order

Purple Protoss - Winner!

Build Orders: Blink Stalkers 

Get SALT Encoding   

  12  0:00  Probe  
  13  0:12  Probe  
  14  0:17  Pylon  
  14  0:23  Probe  
  15  0:31  Probe  
  16  0:38  Gateway  
  16  0:39  Probe  
  16  0:49  Assimilator  
  17  0:55  Pylon  
  17  1:02  Probe  
  18  1:05  Assimilator  
  18  1:14  Probe  
  18  1:18  Gateway  
  19  1:26  Probe  
  19  1:28  Cybernetics Core  
  20  1:38  Probe  
  21  1:40  Pylon  
  21  1:50  Probe  
  22  1:56  Stalker x2  
  22  2:06  Warp Gate  
  26  2:09  Probe  
  26  2:15  Pylon  
  27  2:32  Stalker x2  
  31  2:54  Nexus  
  31  3:02  Probe  
  32  3:07  Twilight Council  
  32  3:14  Shield Battery  
  32  3:21  Pylon  
  32  3:25  Probe  
  33  3:38  Probe  
  32  3:49  Probe  
  32  3:53  Blink  
  32  3:55  Adept x2  
  35  3:57  Probe  
  36  4:03  Probe  
  36  4:05  Probe  
  38  4:16  Probe  
  39  4:21  Probe  
  39  4:22  Stalker x2  
  44  4:28  Probe  
  44  4:29  Probe  
  45  4:37  Probe  
  46  4:40  Probe  
  44  4:48  Dark Shrine  
  44  4:49  Probe  
  44  4:50  Forge  
  44  4:52  Probe  
  46  4:58  Stalker  
  46  4:59  Stalker  
  50  5:03  Protoss Ground Weapons Level 1  
  50  5:08  Probe x2  
  50  5:11  Pylon  
  52  5:15  Assimilator  
  52  5:17  Assimilator  
  52  5:20  Probe  
  53  5:22  Pylon  
  53  5:27  Gateway x2  
  55  5:40  Probe x2  
  55  5:41  Dark Shrine  
  55  5:44  Gateway  
  55  5:54  Shield Battery x2  
  55  5:57  Stalker  
  55  5:58  Stalker  
  55  6:01  Probe x2  
  61  6:07  Robotics Facility  
  61  6:13  Probe x2  
  63  6:22  Stalker x3  
  63  6:24  Stalker  
  71  6:28  Probe  
  72  6:38  Pylon  
  72  6:43  Gateway x2, Shadow Stride  
  72  6:55  Warp Prism  
  75  7:05  Probe  
  75  7:10  Nexus  
  75  7:13  Protoss Ground Weapons Level 2  
  75  7:17  Probe  
  76  7:31  Observer  
  76  7:34  Dark Templar x4  
  85  7:41  Pylon  
  85  7:44  Pylon  
  85  7:52  Pylon  
  85  7:53  Pylon  
  85  8:00  Stalker x2  
  89  8:11  Dark Templar x3  
  91  8:14  Dark Templar  
  94  8:25  Dark Templar  
  94  8:26  Zealot  
  96  8:28  Shield Battery  
  94  8:50  Dark Templar x2  
  96  9:00  Charge  
  86  9:03  Probe x3  
  86  9:06  Dark Templar  
  89  9:15  Probe x2  
  89  9:22  Zealot x4  
  97  9:28  Probe  
  97  9:29  Gateway  
  97  9:30  Gateway  
  94  9:33  Dark Templar  
  94  9:36  Probe x2  
  98  9:40  Assimilator, Probe  
  98  9:41  Assimilator  
  98  9:42  Dark Templar  
  98  9:44  Dark Templar  
  103  9:48  Gateway, Probe x2  
  103  9:49  Gateway  
  97  10:10  Dark Templar x2  
  82  10:26  Zealot x6  
  90  10:31  Immortal, Probe  
  73  10:47  Zealot x10  
  68  11:08  Zealot  
  68  11:09  Zealot x4  
  74  11:15  Sentry x3  
  23  11:49  Observer  
  23  11:54  Dark Templar x2  
  27  12:18  Zealot  
Tags
 
Composition
Blink Stalkers
Matchup
PvP
Spawn Locations
Cross Positions
Add a new tag
Caveats
  • Supply blocks, unpowered buildings, or Contaminate may cause inaccurate times.
  • Supply counts are checked every 10 seconds.